 Seeded DCSS version 0.29-a0-323-g050149af67 (webtiles) character file.

Game seed: 3835982142597306518 (custom seed)

1092 donath the Sneak (level 8, -10/67 HPs)
             Began as a Naga Warper on Apr 10, 2022.
             Mangled by an ogre
             ... wielding a +0 giant club
              (32 damage)
             ... on level 5 of the Dungeon.
             The game lasted 01:18:51 (5811 turns).

donath the Sneak (Naga Warper)                      Turns: 5811, Time: 01:18:52

Health: -10/67     AC:  6    Str: 14    XL:     8   Next: 31%
Magic:  3/3        EV:  9    Int: 21    God:
Gold:   258        SH:  0    Dex: 11    Spells: 7/13 levels left

rFire   . . .      SeeInvis +   b - +7 hunting sling of World's End {flame, Fly MP-9 Int+6 Stlth+}
rCold   . . .      Faith    .   (no shield)
rNeg    . . .      Spirit   .   D - +0 leather armour
rPois   +          Reflect  .   (no helmet)
rElec   .          Harm     .   i - +1 cloak
rCorr   .          Rampage  .   (no gloves)
Will    +....                   (no barding)
Stlth   ++++......              H - amulet of magic regeneration
HPRegen 0.21/turn               (no ring)
MPRegen 0.48/turn               (no ring)

@: mighty, short of breath, flying, hasted, quick
A: AC +2, large, see invisible, deformed body, poison resistance, slowness 2,
spit poison 1, naga tail 1
a: Spit Poison


You were on level 5 of the Dungeon.
You visited 1 branch of the dungeon, and saw 5 of its levels.
You also visited: Sewer.

You collected 258 gold pieces.

Inventory:

Hand Weapons
 a - the +5 whip of Perfectionism {venom, MP+9 Dex+2}
   (You found it on level 5 of the Dungeon)

   It poisons the flesh of those it strikes.
   Dex:       It affects your dexterity (+2).
   MP:        It affects your magic capacity (+9).
 b - the +7 hunting sling of World's End (weapon) {flame, Fly MP-9 Int+6 Stlth+}
   (You found it on level 3 of the Dungeon)

   Any ammunition fired from it burns those it strikes, dealing additional fire
   damage.
   Int:       It affects your intelligence (+6).
   MP:        It affects your magic capacity (-9).
   Fly:       It grants you flight.
   Stlth:     It makes you more stealthy.
 o - a +0 spear
 M - a +0 flail of protection
 O - a +2 whip of electrocution
Missiles
 d - 6 boomerangs of dispersal
 e - 2 throwing nets
 j - 3 curare-tipped darts
 k - 190 stones
 y - 2 poisoned darts
 F - 4 boomerangs
 K - 5 javelins
Armour
 i - a +1 cloak (worn)
 D - a +0 leather armour (worn)
Magical Staves
 C - a staff of fire
Jewellery
 l - an amulet of faith
 H - an amulet of magic regeneration (around neck)
Scrolls
 c - a scroll of blinking
 f - a scroll of enchant armour
 g - a scroll of acquirement {unknown}
 h - a scroll of fear {unknown}
 m - 2 scrolls of magic mapping {unknown}
 n - 2 scrolls of noise {unknown}
 p - a scroll of vulnerability {unknown}
 q - a scroll of amnesia {unknown}
 v - a scroll of immolation {unknown}
 w - a scroll of fog
 x - 2 scrolls of teleportation
 E - a scroll of holy word {unknown}
 J - a scroll of identify
Potions
 r - 2 potions of haste
 s - 3 potions of mutation
 t - a potion of ambrosia {unknown}
 z - 2 potions of brilliance
 A - 4 potions of flight
 B - 2 potions of berserk rage
 G - a potion of invisibility {unknown}
 L - a potion of attraction {unknown}
 N - a potion of might
 P - a potion of cancellation {unknown}


   Skills:
 - Level 2.2 Fighting
 * Level 4.9 Maces & Flails
 - Level 4.4(4.6) Slings
 - Level 2.0(3.4) Throwing
 - Level 1.0 Armour
 - Level 1.6 Dodging
 + Level 6.1 Stealth
 - Level 3.2 Spellcasting
 + Level 3.8 Translocations
 - Level 1.0 Transmutations
 - Level 2.0 Poison Magic


You had 7 spell levels left.
You knew the following spells:

 Your Spells              Type           Power      Damage    Failure   Level
a - Blink                 Tloc           38%        N/A       4%          2
b - Sting                 Tmut/Pois      36%        1d4       9%          1
c - Teleport Other        Tloc           19%        N/A       10%         3

Your spell library contained the following spells:

 Spells                   Type           Power      Damage    Failure   Level
 Gell's Gravitas          Tloc           19%        N/A       10%         3
 Lesser Beckoning         Tloc           19%        N/A       10%         3
 Poisonous Vapours        Pois/Air       14%        N/A       16%         2
 Stone Arrow              Conj/Erth      6%         3d7       43%         3
 Olgreb's Toxic Radiance  Pois           12%        N/A       56%         4
 Manifold Assault         Tloc           19%        N/A       67%         5
 Animate Armour           Summ/Erth      6%         N/A       85%         4
 Iskenderun's Battlesphe  Conj           3%         2d6       99%         5
 Iron Shot                Conj/Erth      1%         9d1       100%        6
 Spellforged Servitor     Conj/Summ      1%         N/A       100%        7
 Lehudib's Crystal Spear  Conj/Erth      1%         10d2      100%        8


Dungeon Overview and Level Annotations

Branches:
Dungeon (5/15)              Sewer (visited)
 Temple: D:4-7

Altars:


Innate Abilities, Weirdness & Mutations

Your serpentine skin is tough. (AC +2)
You have supernaturally acute eyesight. (SInv)
Armour fits poorly on your strangely shaped body.
Your system is resistant to poisons. (rPois)
You cover ground very slowly.
You can spit poison.
You have a snake-like lower body.


Message History

Fire: b) +7 hunting sling of World's End {flame, Fly MP-9 Int+6 Stlth+}
Press: ? - help, Q - select action, (/) - cycle Shift-Dir - straight line, f/p - ogre
Aim: an ogre, wielding a +0 giant club (heavily wounded, 78% to hit)
You shoot a sling bullet.
The sling bullet closely misses the ogre.
Fire: b) +7 hunting sling of World's End {flame, Fly MP-9 Int+6 Stlth+}
Press: ? - help, Q - select action, (/) - cycle Shift-Dir - straight line, f/p - ogre
Aim: an ogre, wielding a +0 giant club (moderately wounded, 78% to hit)
You shoot a sling bullet. The sling bullet hits the ogre.
The sling bullet burns the ogre.
The ogre is severely wounded.
You recover from your berserk rage.
Fire: b) +7 hunting sling of World's End {flame, Fly MP-9 Int+6 Stlth+}
Press: ? - help, Q - select action, (/) - cycle Shift-Dir - straight line, f/p - ogre
Aim: an ogre, wielding a +0 giant club (severely wounded, 78% to hit)
You shoot a sling bullet.
The sling bullet barely misses the ogre.
Fire: b) +7 hunting sling of World's End {flame, Fly MP-9 Int+6 Stlth+}
Press: ? - help, Q - select action, (/) - cycle Shift-Dir - straight line, f/p - ogre
Aim: an ogre, wielding a +0 giant club (severely wounded, 78% to hit)
You shoot a sling bullet.
The sling bullet barely misses the ogre.
The howler monkey howls!
Fire: b) +7 hunting sling of World's End {flame, Fly MP-9 Int+6 Stlth+}
Press: ? - help, Q - select action, (/) - cycle Shift-Dir - straight line, f/p - ogre
Aim: an ogre, wielding a +0 giant club (severely wounded, 78% to hit)
You shoot a sling bullet.
The sling bullet barely misses the ogre.
Fire: b) +7 hunting sling of World's End {flame, Fly MP-9 Int+6 Stlth+}
Press: ? - help, Q - select action, (/) - cycle Shift-Dir - straight line, f/p - ogre
Aim: an ogre, wielding a +0 giant club (severely wounded, 78% to hit)
You shoot a sling bullet. The sling bullet hits the ogre.
The sling bullet burns the ogre.
The ogre is almost dead.
Aiming: Spit Poison (1% risk of failure)
Press: ? - help, Shift-Dir - straight line, f/p - ogre
Aim: an ogre, wielding a +0 giant club (almost dead, 83% to hit)
The splash of poison misses the ogre.
The ogre hits you with a +0 giant club!!
You die...

...## #.......................
....## #.......................
###..#####.####################..
# ###.##..##......#.....#.....#..
# ##...###......#.....#.....#..
##.## #+###..#.[#..#..#..#.. ##.#
#..#..#..#..#..#.. #..#
#..h..#.....#..... #..# #@O...#
.[. #5...l #.## ####### #.# #.#
#.# #.# #.# #.# #####.# ###


You could see an ogre and a howler monkey.

Vanquished Creatures
  2 black bears (D:5)
  A phantom (D:5)
  A bullfrog (D:5)
  4 scorpions (D:5)
  4 iguanas
  An orc wizard (D:5)
  8 gnolls
  13 adders
  6 river rats
  An ufetubus (D:5)
  5 dart slugs
  4 worms
  5 orcs
  13 ball pythons
  15 endoplasms
  5 giant cockroaches
  9 goblins
  8 hobgoblins
  6 jackals (D:1)
  4 kobolds
  10 quokkas
  17 bats
  8 frilled lizards
  6 rats
156 creatures vanquished.

Vanquished Creatures (others)
  An ufetubus (D:4)
1 creature vanquished.

Grand Total: 157 creatures vanquished

Notes
Turn   | Place    | Note
-------+----------+-------------------------------------------
     0 | D:1      | donath the Naga Warper began the quest for the Orb.
     0 | D:1      | Reached XP level 1. HP: 19/19 MP: 3/3
   133 | D:1      | Reached XP level 2. HP: 26/26 MP: 5/5
   136 | D:1      | Learned a level 2 spell: Blink
   283 | D:1      | Reached skill level 1 in Throwing
   307 | D:1      | Reached skill level 1 in Stealth
   310 | D:1      | Found a faded altar of an unknown god.
   475 | D:1      | Reached skill level 1 in Armour
   481 | D:1      | Reached XP level 3. HP: 3/32 MP: 2/6
   932 | D:1      | Learned a level 1 spell: Sting
  1392 | D:2      | Reached skill level 2 in Stealth
  1912 | D:3      | Reached XP level 4. HP: 18/39 MP: 5/7
  1933 | D:3      | Reached skill level 1 in Poison Magic
  2131 | D:3      | Found a glowing drain.
  2198 | D:3      | Reached skill level 3 in Stealth
  2206 | D:3      | Reached XP level 5. HP: 34/45 MP: 5/8
  2331 | Sewer    | Entered a sewer
  2554 | Sewer    | Reached skill level 1 in Transmutations
  2906 | Sewer    | Reached XP level 6. HP: 52/52 MP: 7/9
  3509 | D:3      | Identified the +7 hunting sling of World's End {flame, Fly
                  | MP-9 Int+6 Stlth+}
  4051 | D:4      | Reached skill level 4 in Stealth
  4080 | D:4      | Learned a level 3 spell: Teleport Other
  4412 | D:4      | Reached skill level 1 in Slings
  5041 | D:5      | Entered Level 5 of the Dungeon
  5107 | D:5      | Identified the +5 whip of Perfectionism {venom, MP+9 Dex+2}
  5118 | D:5      | Reached XP level 7. HP: 60/60 MP: 2/11
  5149 | D:5      | Reached skill level 5 in Stealth
  5702 | D:5      | Reached XP level 8. HP: 45/67 MP: 10/12
  5742 | D:5      | Reached skill level 6 in Stealth
  5782 | D:5      | HP: 2/67 [phantom (4)]
  5811 | D:5      | Mangled by an ogre

Illustrated notes

Levels and vault maps discovered:
D:1:      minmay_arrival_open_corners, layout_rooms, serial_curves,
          eino_curves_02, eino_curves_02, shapermc_ecumenical_altar_petra
D:2:      layout_loops_cross, minmay_surrounded
D:3:      minmay_razor_zed, layout_basic, portal_sewer_entry_a
D:4:      layout_cave_pools, kennysheep_cluttered_room, lemuel_old_faithful
D:5:      kennysheep_windowed_halls, layout_cave_pods

Skill      XL: |  1  2  3  4  5  6  7  8 |
---------------+-------------------------+-----
Throwing       | 1 2 |  2.0
Stealth        | 1 2 3 4 5 6 |  6.1
Armour         | 1 |  1.0
Poison Magic   | 2 |  2.0
Maces & Flails | 3 4 |  4.9
Transmutations | 1 |  1.0
Slings         | 1 3 4 |  4.4
Spellcasting   | 3 |  3.2
Fighting       | |  2.2
Dodging        | |  1.6
Translocations | |  3.8

Action                   |  1- 3 |  4- 6 |  7- 9 || total
-------------------------+-------+-------+-------++-------
Melee: Mace              |    76 |       |       ||    76
       Punch             |     1 |     2 |     1 ||     4
       Whip              |    66 |   176 |    63 ||   305
 Fire: Hunting sling     |       |     9 |    31 ||    40
Throw: Dart              |     3 |     5 |       ||     8
       Boomerang         |     1 |       |       ||     1
       Stone             |    11 |    54 |     5 ||    70
 Cast: Blink             |     2 |     4 |    11 ||    17
       Sting             |    19 |    59 |     1 ||    79
 Abil: Spit Poison       |       |     1 |     9 ||    10
  Use: Potion            |     1 |     3 |     8 ||    12
       Scroll            |     2 |     6 |     1 ||     9
 Stab: Sleeping          |     2 |     4 |       ||     6
Armor: Leather armour    |    50 |    62 |    54 ||   166
Dodge: Dodged            |    96 |   104 |    47 ||   247

Table legend: (Time is in decaauts)
 A = Elapsed time spent in this place.
 B = Non-inter-level travel time spent in this place.
 C = Inter-level travel time spent in this place.
 D = Time resting spent in this place.
 E = Time spent auto-exploring this place.
 F = Levels seen in this place.
 G = Mean time per level.
                   A        B        C        D        E       F      G
               +--------+--------+--------+--------+--------+-----+--------+
         Total |   7525 |   7357 |    168 |    634 |   2047 |   6 | 1254.2 |
       Dungeon |   6080 |   5912 |    168 |    634 |   1829 |   5 | 1216.0 |
         Sewer |   1445 |   1445 |      0 |      0 |    218 |   1 | 1445.0 |
               +--------+--------+--------+--------+--------+-----+--------+

Top non-repeatable levels by time:
     D:3: 1471 daAuts
   Sewer: 1445 daAuts
     D:4: 1283 daAuts
     D:2: 1184 daAuts
     D:1: 1141 daAuts
     D:5: 999 daAuts
